 Dungeon Crawl Stone Soup version 0.28.0-53-g5a82cb258f (webtiles) character file.

Game seed: 1978902089821783826

112 quixfox the Chopper (level 4, -1/41 HPs)
             Began as a Hill Orc Fighter on July 9, 2022.
             Succumbed to an adder's poison
             ... on level 3 of the Dungeon.
             The game lasted 00:02:41 (2388 turns).

quixfox the Chopper (Hill Orc Fighter)              Turns: 2388, Time: 00:02:42

Health: -1/41      AC:  8    Str: 20    XL:     4   Next: 93%
Magic:  4/4        EV:  9    Int:  8    God:
Gold:   87         SH:  4    Dex: 10    Spells: 3/3 levels left

rFire   . . .      SeeInvis .   a - +0 war axe
rCold   . . .      Faith    .   c - +0 buckler
rNeg    . . .      Spirit   .   b - +0 scale mail
rPois   .          Reflect  .   (no helmet)
rElec   .          Harm     .   (no cloak)
rCorr   .          Rampage  .   n - +0 pair of gloves
Will    .....                   (no boots)
Stlth   ..........              (no amulet)
HPRegen 0.13/turn               (no ring)
MPRegen 0.09/turn               (no ring)

@: mighty, lethally poisoned (-1 -> -6)
A: no striking features
a: no special abilities


You were on level 3 of the Dungeon.
You visited 1 branch of the dungeon, and saw 3 of its levels.

You collected 87 gold pieces.

Inventory:

Hand Weapons
 a - a +0 war axe (weapon)
Armour
 b - a +0 scale mail (worn)
 c - a +0 buckler (worn)
 n - a +0 pair of gloves (worn)
Scrolls
 e - a scroll of enchant weapon {unknown}
 g - a scroll of torment {unknown}
 h - 3 scrolls of identify {unknown}
Potions
 f - 2 potions of mutation {unknown}
 i - a potion of curing {unknown}
 j - a potion of attraction {unknown}
 k - a potion of heal wounds {unknown}
 l - a potion of cancellation {unknown}
 m - a potion of resistance {unknown}


   Skills:
 + Level 4.5 Fighting
 * Level 5.0 Axes
 + Level 4.1 Armour
 - Level 3.2 Shields


You had 3 spell levels left.
You didn't know any spells.
Your spell library contained the following spells:

 Spells                   Type           Power      Damage    Failure   Level
 Tukima's Dance           Hex            0%         N/A       99%         3
 Anguish                  Hex/Necr       0%         N/A       100%        4
 Enfeeble                 Hex            0%         N/A       100%        7


Dungeon Overview and Level Annotations

Branches:
Dungeon (3/15)

Altars:


Message History

Robin is almost dead.
Robin hits you but does no damage.
You slash Robin!
You kill Robin!
The adder bites you but does no damage.
You barely miss the adder. You block the adder's attack.
You barely miss the adder. The adder bites you. x2
* * * LOW HITPOINT WARNING * * *
You slash the adder!
The adder is almost dead.
You block the adder's attack. The adder bites you but does no damage.
You slash the adder!
You kill the adder!
The adder bites you but does no damage.
Your Axes skill increases to level 5!
You closely miss the adder.
The hobgoblin no longer looks unusually strong. x2
The adder bites you.
* * * LOW HITPOINT WARNING * * *
The adder bites you.
* * * LOW HITPOINT WARNING * * *
You are poisoned.
The adder poisons you!
You barely miss the adder.
You feel sick.
The goblin no longer looks unusually strong.
The adder bites you but does no damage.
You hit the adder.
The adder is moderately wounded.
You feel sick. You block the adder's attack. The adder closely misses you.
You closely miss the adder.
The adder is moderately wounded.
You feel sick.
You are no longer poisoned.
The adder bites you.
* * * LOW HITPOINT WARNING * * *
You are lethally poisoned!
The adder poisons you! The adder barely misses you.
You slash the adder!
You kill the adder!
You die...

.# ####### #.# #.....####
#.# #........###### #.#
#.....##......# ########.#
#############.###......#.#
### #.....####...##
....S#####...### ##...##
....ggg)@).#..#######...#
....gg#######............
..... #########.... ...S
#.###


.gg #.# # g. #.# # . #(# ##.# #..# You could see 2 hobgoblins, 3 goblins and a
ball python.

Vanquished Creatures
  Robin (D:3)
  4 adders
  A worm (D:2)
  2 dart slugs
  5 ball pythons
  6 endoplasms
  A giant cockroach (D:3)
  12 goblins
  8 hobgoblins
  4 jackals (D:3)
  8 bats
  A frilled lizard (D:1)
  6 kobolds
  4 rats
63 creatures vanquished.

Notes
Turn   | Place    | Note
-------+----------+-------------------------------------------
     0 | D:1      | quixfox the Hill Orc Fighter began the quest for the Orb.
     0 | D:1      | Reached XP level 1. HP: 19/19 MP: 1/1
   297 | D:1      | Reached skill level 3 in Axes
   413 | D:1      | Reached XP level 2. HP: 27/27 MP: 2/2
   818 | D:1      | Found a faded altar of an unknown god.
   890 | D:1      | Reached XP level 3. HP: 33/33 MP: 3/3
  1261 | D:2      | Reached skill level 4 in Axes
  1839 | D:2      | Reached XP level 4. HP: 32/40 MP: 4/4
  2361 | D:3      | Noticed Robin
  2379 | D:3      | Killed Robin
  2384 | D:3      | Reached skill level 5 in Axes
  2387 | D:3      | HP: 1/41 [adder (4)]
  2388 | D:3      | Succumbed to an adder's poison

Illustrated notes

Levels and vault maps discovered:
D:1:      scummos_arrival_star, layout_loops_ring,
          dreamdust_ecumenical_altar_angels_and_demons, supply_closet_lemuel,
          nicolae_figureground_pulse
D:2:      layout_basic, bh_walls_and_bars
D:3:      layout_rooms, mainiacjoe_overflow_big_doors, item_on_display_a,
          uniq_robin, uniq_crazy_yiuf_cottage

Skill      XL: |  1  2  3  4 |
---------------+-------------+-----
Axes           | 3 4 5 |  5.0
Fighting       | 4 |  4.5
Armour         | 4 |  4.1
Shields        | |  3.2

Action                   |  1- 3 |  4- 6 || total
-------------------------+-------+-------++-------
Melee: War axe           |   104 |    45 ||   149
  Use: Potion            |       |     1 ||     1
Armor: Scale mail        |    39 |    19 ||    58
Dodge: Dodged            |    41 |    19 ||    60
Block: Buckler           |    19 |    14 ||    33
